 Seeded DCSS version 0.30-a0-341-g682706514a (webtiles) character file.

Game seed: 20221103 (custom seed)

12 flotson the Sneak (level 2, 0/24 HPs)
             Began as a Demonspawn Delver on Nov 3, 2022.
             Succumbed to an adder's poison
             ... on level 4 of the Dungeon.
             The game lasted 00:01:07 (279 turns).

flotson the Sneak (Demonspawn Delver)                Turns: 279, Time: 00:01:08

Health: 0/24       AC:  3    Str: 12    XL:     2   Next: 20%
Magic:  2/2        EV: 12    Int: 11    God:
Gold:   58         SH:  0    Dex: 14    Spells: 1/1 levels left

rFire   . . .      SeeInvis .    d - +0 whip
rCold   . . .      Faith    .    (no shield)
rNeg    . . .      Spirit   .    b - +0 leather armour
rPois   .          Reflect  .    (no helmet)
rElec   .          Harm     .    (no cloak)
rCorr   .          Rampage  .    (no gloves)
Will    .....                    (no boots)
Stlth   ++........               (no amulet)
HPRegen 0.24/turn                (no ring)
MPRegen 0.08/turn                (no ring)

@: lethally poisoned (0 -> -4)
A: weakness stinger 1
a: no special abilities


You were on level 4 of the Dungeon.
You visited 1 branch of the dungeon, and saw 2 of its levels.

You collected 58 gold pieces.

Inventory:

Hand Weapons
 a - a +0 hand axe
 d - a +0 whip (weapon)
Armour
 b - a +0 leather armour (worn)
Wands
 g - a wand of digging (3)
Scrolls
 c - a scroll of fog


   Skills:
 + Level 3.1 Fighting
 - Level 1.7 Axes
 + Level 0.5 Armour
 + Level 2.0 Dodging
 - Level 4.5 Stealth
 + Level 0.8 Evocations


You had one spell level left.
You didn't know any spells.
Your spell library was empty.

Dungeon Overview and Level Annotations

Branches:
Dungeon (5/15)
 Temple: D:4-7

Altars:


Innate Abilities, Weirdness & Mutations

You have a small tail.


Message History

You are poisoned.
The adder poisons you!
You barely miss the adder.
The adder is heavily wounded.
You feel sick. The adder closely misses you.
You miss the adder.
The adder is heavily wounded.
You feel sick. The adder bites you.
You are more poisoned.
The adder poisons you!
You hit the adder.
The adder is heavily wounded.
You feel sick. The adder bites you. The adder bites you but does no damage.
You are too injured to fight recklessly!
You are too injured to fight recklessly!
You are too injured to fight recklessly!
You are too injured to fight recklessly!
You are too injured to fight recklessly!
You are too injured to fight recklessly!
You miss the adder.
The adder is heavily wounded.
You feel sick. The adder bites you.
* * * LOW HITPOINT WARNING * * *
You are lethally poisoned!
The adder poisons you!
You barely miss the adder.
The adder is heavily wounded.
* * * LOW HITPOINT WARNING * * *
You feel sick. The adder bites you but does no damage.
You aren't carrying any potions.
You hit the adder.
You kill the adder!
* * * LOW HITPOINT WARNING * * *
You feel sick.
Your Dodging skill increases to level 2!
You have reached level 2!
Your demonic ancestry asserts itself...
You grow a small tail.
There is a lethal amount of poison in your body!
You die...

#...# #...# ... ...
#.# #.# #.#
#########.####
#.......#@...#####
####.#####.#........#
#.......##.##...###.#
#.##.#..##.###.##
#.####
#.##.#..##.#...#
#....#
#.#..#..##.....#
##....###
#.#.##..####.###
#.......#
##.......####.###
#......>#
#.....(.###.....#
#.......#


There were no monsters in sight!

Vanquished Creatures
  An adder (D:4)
  A dart slug (D:5)
  A kobold (D:4)
3 creatures vanquished.

Notes
Turn   | Place    | Note
-------+----------+-------------------------------------------
     0 | D:5      | flotson the Demonspawn Delver began the quest for the Orb.
     0 | D:5      | Reached XP level 1. HP: 18/18 MP: 1/1
    10 | D:5      | Noticed a scorpion
    15 | D:5      | Noticed a necrophage
   279 | D:4      | Gained mutation: You have a small tail. [demonic ancestry]
   279 | D:4      | Reached XP level 2. HP: 1/24 MP: 2/2
   279 | D:4      | Succumbed to an adder's poison

Illustrated notes

Levels and vault maps discovered:
D:4:      layout_loops_cross, grunt_dithmenos_smoke, serial_shops,
          nicolae_shop_waterfront
D:5:      layout_loops_ring, nicolae_gozag_zags_fifth_avenue,
          mainiacjoe_overflow_cross_hatched

Skill      XL: |  1 |
---------------+----+-----
Dodging        | 2 |  2.0
Fighting       | |  3.1
Axes           | |  1.7
Armour         | |  0.5
Stealth        | |  4.5
Evocations     | |  0.8

Action                   || total
-------------------------++-------
Melee: Whip              ||     9
       Hand axe          ||     5
  Use: Scroll            ||     2
       Potion            ||     1
Armor: Leather armour    ||     8
Dodge: Dodged            ||    20

Table legend: (Time is in decaauts)
 A = Elapsed time spent in this place.
 B = Non-inter-level travel time spent in this place.
 C = Inter-level travel time spent in this place.
 D = Time resting spent in this place.
 E = Time spent auto-exploring this place.
 F = Levels seen in this place.
 G = Mean time per level.
                   A        B        C        D        E       F      G
               +--------+--------+--------+--------+--------+-----+--------+
         Total |    262 |    262 |      0 |      0 |    157 |   2 |  131.0 |
       Dungeon |    262 |    262 |      0 |      0 |    157 |   2 |  131.0 |
               +--------+--------+--------+--------+--------+-----+--------+

Top non-repeatable levels by time:
     D:4: 181 daAuts
     D:5: 81 daAuts
